 Dungeon Crawl Stone Soup version 0.28.0-49-g6dfe1f597d (webtiles) character file.

Game seed: 10548582596839642816

2 Zeld the Sneak (level 1, -9/20 HPs)
             Began as a Minotaur Delver on May 11, 2022.
             Shot with an arrow by a centaur (14 damage)
             ... on level 6 of the Dungeon.
             The game lasted 00:00:22 (68 turns).

Zeld the Sneak (Minotaur Delver)                      Turns: 68, Time: 00:00:22

Health: -9/20      AC:  3    Str: 16    XL:     1   Next: 33%
Magic:  0/0        EV: 11    Int:  7    God:
Gold:   0          SH:  0    Dex: 11    Spells: 0/0 levels left

rFire   . . .      SeeInvis .   a - +0 hand axe
rCold   . . .      Faith    .   (no shield)
rNeg    . . .      Spirit   .   b - +0 leather armour
rPois   .          Reflect  .   (helmet restricted)
rElec   .          Harm     .   (no cloak)
rCorr   .          Rampage  .   (no gloves)
Will    .....                   (no boots)
Stlth   ++........              (no amulet)
HPRegen 0.06/turn               (no ring)
MPRegen 0.07/turn               (no ring)

@: hasted, very quick
A: horns 2, retaliatory headbutt
a: no special abilities


You were on level 6 of the Dungeon.
You visited 1 branch of the dungeon, and saw 2 of its levels.

Inventory:

Hand Weapons
 a - a +0 hand axe (weapon)
Armour
 b - a +0 leather armour (worn)
Wands
 g - a wand of digging (3)
Scrolls
 c - a scroll of fog
 d - a scroll of magic mapping
 e - a scroll of fear


   Skills:
 * Level 3.7 Fighting
 * Level 2.5 Axes
 + Level 0.1 Armour
 + Level 2.2 Dodging
 - Level 4.1 Stealth
 * Level 0.1 Evocations


You couldn't memorise any spells.
You didn't know any spells.
Your spell library was empty.

Dungeon Overview and Level Annotations

Branches:
Dungeon (6/15)
 Temple: D:4-7

Altars:


Innate Abilities, Weirdness & Mutations

You have a pair of horns on your head.
You reflexively headbutt those who attack you in melee.


Message History

Found a stone staircase leading down.
A jackal comes into view.
A jackal is nearby!
A jackal comes into view.
The jackal barks!
You hear a shout! x4
The jackal barks!
You hit the jackal. You headbutt the jackal.
You kill the jackal!
A gnoll comes into view. It is wielding a +0 club.
The jackal bites you. The jackal closely misses you. You furiously retaliate!
You headbutt the jackal, but do no damage.
A gnoll sergeant comes into view. It is wielding a +0 trident.
You see here a jackal corpse.
You hit the jackal but do no damage. You headbutt the jackal.
The jackal is almost dead.
The jackal closely misses you.
You barely miss the jackal. You headbutt the jackal.
You kill the jackal!
The gnoll hits you with a +0 club.
The gnoll sergeant hits you from afar with a +0 trident.
You see here a jackal corpse.
A gnoll comes into view. It is wielding a +0 flail.
The gnoll hits you with a +0 club!
* * * LOW HITPOINT WARNING * * *
There is a stone staircase leading down here.
You climb downwards.
The water moccasin hisses angrily.
You hear a shout!
Found 27 gold pieces, 21 stones and a scroll of fear.
There is a stone staircase leading up here.
Sorry, you're not good enough to have a special ability.
Unknown command.
Sorry, you're not good enough to have a special ability.
Okay, then.
You feel yourself speed up.
A centaur comes into view.
The centaur wields a +0 shortbow.
The centaur shoots an arrow.
The arrow misses you.
The centaur shoots an arrow.
The arrow hits you!
Ouch! That really hurt!
You die...

...... ..
#.....#.#
#.#.....#.# .
###.#.....#.####..
..................
...#.............
#...............
#...c...@.......
#.#.##S.#.......
###.$.............
.......<..$.....#.
......#...........
###.. (...........
#. .#..#.#...... #
#?#..#........ #
#.##.#....#


You could see a water moccasin and a centaur.

Vanquished Creatures
  2 jackals (D:5)
2 creatures vanquished.

Notes
Turn   | Place    | Note
-------+----------+-------------------------------------------
     0 | D:5      | Zeld the Minotaur Delver began the quest for the Orb.
     0 | D:5      | Reached XP level 1. HP: 19/19 MP: 0/0
    32 | D:5      | Noticed a gnoll sergeant
    64 | D:6      | Noticed a water moccasin
    65 | D:6      | Noticed a centaur
    68 | D:6      | Shot with an arrow by a centaur

Illustrated notes

Levels and vault maps discovered:
D:5:      layout_loops_ring, uniq_prince_ribbit1, uniq_eustachio
D:6:      layout_basic, grunt_temple_overflow_holy_war,
          mainiacjoe_overflow_chevrons, nicolae_elevator_lobby_asterisk

Action                   || total
-------------------------++-------
Melee: Hand axe          ||     3
       Headbutt          ||     3
  Use: Potion            ||     1
Dodge: Dodged            ||     3
